 Dungeon Crawl Stone Soup version 0.28.0 (webtiles) character file.

Game seed: 10301754907333432508

138 growler the Gusty (level 5, 0/28 HPs)
             Began as a Tengu Air Elementalist on Feb 7, 2022.
             Killed by nerve-wracking pain
             ... invoked by an orc priest
              (12 damage)
             ... on level 4 of the Dungeon.
             The game lasted 00:05:46 (3107 turns).

growler the Gusty (Tengu Air Elementalist)          Turns: 3107, Time: 00:05:46

Health: 0/28       AC:  2    Str:  9    XL:     5   Next: 21%
Magic:  5/19       EV: 14    Int: 17    God:
Gold:   159        SH:  0    Dex: 14    Spells: 0/10 levels left

rFire   . . .      SeeInvis .   q - +4 dagger
rCold   . . .      Faith    .   (no shield)
rNeg    . . .      Spirit   .   a - +0 robe
rPois   .          Reflect  .   (helmet restricted)
rElec   .          Harm     .   (no cloak)
rCorr   .          Rampage  .   (no gloves)
Will    .....                   (boots unavailable)
Stlth   ++........              (no amulet)
HPRegen 0.09/turn               i - ring of magical power
MPRegen 0.16/turn               (no ring)

@: flying quickly and evasively, very slightly contaminated, quick
A: beak, talons 3, nimble flight
a: no special abilities


You were on level 4 of the Dungeon.
You visited 1 branch of the dungeon, and saw 4 of its levels.

You collected 159 gold pieces.

Inventory:

Hand Weapons
 q - a +4 dagger (weapon)
   (You took it off an orc on level 3 of the Dungeon)
Armour
 a - a +0 robe (worn)
Jewellery
 i - a ring of magical power (left hand)
   (You found it on level 2 of the Dungeon)
 p - an amulet of guardian spirit
   (You found it on level 3 of the Dungeon)
Scrolls
 b - 2 scrolls of enchant weapon {unknown}
 e - a scroll of immolation {unknown}
 f - a scroll of vulnerability {unknown}
 g - a scroll of teleportation {unknown}
 j - a scroll of fear {unknown}
 l - a scroll of holy word {unknown}
 m - a scroll of blinking {unknown}
 o - a scroll of fog {unknown}
 s - a scroll of summoning {unknown}
Potions
 c - 2 potions of haste {unknown}
 d - a potion of resistance
 h - 3 potions of lignification {unknown}
 k - a potion of brilliance
 n - a potion of curing {@q1}
 r - 2 potions of attraction {!q}


   Skills:
 - Level 2.1 Dodging
 - Level 2.0 Stealth
 + Level 3.1 Spellcasting
 + Level 3.8 Conjurations
 + Level 5.5 Air Magic


You couldn't memorise any spells.
You knew the following spells:

 Your Spells              Type           Power      Damage    Failure   Level
a - Shock                 Conj/Air       72%        1d7       2%          1
b - Airstrike             Air            10%        N/A       19%         4
d - Static Discharge      Conj/Air       18%        N/A       3%          2
s - Swiftness             Air            21%        N/A       5%          3

Your spell library contained the following spells:

 Spells                   Type           Power      Damage    Failure   Level
 Foxfire                  Conj/Fire      36%        2x1d5     8%          1
 Animate Skeleton         Necr           4%         N/A       17%         1
 Apportation              Tloc           4%         N/A       17%         1
 Summon Small Mammal      Summ           8%         N/A       17%         1
 Conjure Flame            Conj/Fire      9%         6-21      24%         3
 Inner Flame              Hex/Fire       2%         N/A       45%         3
 Flame Wave               Conj/Fire      9%         2d5       61%         4


Dungeon Overview and Level Annotations

Branches:
Dungeon (4/15)
 Temple: D:4-7

Altars:
Cheibriados
Dithmenos
Ru


Innate Abilities, Weirdness & Mutations

You have a beak for a mouth.
You have claws for feet.
Your magical nature lets you fly swiftly and evasively.


Message History

Nothing appears to happen.
Aim: an orc, wielding a +0 hand axe (71% to hit)
The zap hits the orc.
Aim: an orc, wielding a +0 hand axe (almost dead, 71% to hit)
The zap hits the orc.
You kill the orc!
An orc comes into view. It is wielding a +0 club.
Aim: a goblin, wielding a +0 dagger (64% to hit)
The zap hits the goblin.
You kill the goblin!
The zap misses the orc.
An adder comes into view.
An orc comes into view. It is wielding a +0 short sword.
Aim: an adder (wandering, hasn't noticed you, 53% to hit)
The zap hits the adder.
The adder hisses angrily.
Aim: an adder (heavily wounded, 53% to hit)
The zap hits the adder.
Aim: an adder (severely wounded, 53% to hit)
The zap hits the adder!
You kill the adder!
Your magical contamination has completely faded away.
Aim: an orc, wielding a +0 club (71% to hit)
The zap hits the orc.
Aim: an orc, wielding a +0 club (severely wounded, 71% to hit)
The zap hits the orc.
You kill the orc!
Aim: an orc, wielding a +0 short sword and wearing a +0 leather armour (71% to hit)
The zap hits the orc but does no damage.
An orc priest comes into view. It is wielding a +0 hand axe.
Aim: an orc, wielding a +0 short sword and wearing a +0 leather armour (71% to hit)
The zap hits the orc.
The orc priest shouts!
The orc hits you with a +0 short sword.
Aim: an orc, wielding a +0 short sword and wearing a +0 leather armour (severely wounded, 71% to hit)
The zap hits the orc.
You kill the orc!
The zap hits the orc priest.
The spell is extremely dangerous to miscast (19% risk of failure)!
Continue anyway?
Aim: an orc priest, wielding a +0 hand axe and wearing a +0 chain mail (lightly wounded, empty space bonus: 8/8)
You miscast Airstrike.
You are very lightly contaminated with residual magic.
You are caught in an explosion of electrical discharges!
* * * LOW HITPOINT WARNING * * *
An ogre comes into view. It is wielding a +0 giant spiked club.
Unknown command.
The ogre shouts!
The orc priest mumbles some strange prayers to Beogh against you.
Pain shoots through your body!
You die...

##..####....# ...
#....###....# ..# ###
#..........##
###..##.###...........#
##.... ............†....#
......##..#..........#...#
...##....##......#...#....
...†......##....##...#.#..
...).o)..@............# ##
.................##.###
...O.)...........####
............##......#
...)................#
...........####.....#
.........##≈≈ #≈#...#
.#.......# ≈≈≈≈≈#...#
###....## #≈#≈≈##.##


You could see an ogre and an orc priest.

Vanquished Creatures
  A hound (D:3)
  3 gnolls (D:3)
  An adder (D:4)
  A dart slug (D:1)
  4 orcs
  5 ball pythons
  5 bats
  5 endoplasms
  2 giant cockroaches (D:1)
  7 goblins
  6 hobgoblins
  5 quokkas
  5 frilled lizards
  6 kobolds
  5 rats
61 creatures vanquished.

Vanquished Creatures (others)
  A fungus (D:3)
1 creature vanquished.

Grand Total: 62 creatures vanquished

Notes
Turn   | Place    | Note
-------+----------+-------------------------------------------
     0 | D:1      | growler the Tengu Air Elementalist began the quest for the
                  | Orb.
     0 | D:1      | Reached XP level 1. HP: 10/10 MP: 4/4
   498 | D:1      | Reached XP level 2. HP: 15/15 MP: 0/6
  1346 | D:2      | Reached XP level 3. HP: 19/19 MP: 1/7
  1516 | D:2      | Found a shadowy altar of Dithmenos.
  1677 | D:2      | Found a faded altar of an unknown god.
  2002 | D:2      | Learned a level 2 spell: Static Discharge
  2006 | D:2      | Learned a level 3 spell: Swiftness
  2364 | D:3      | Found a snail-covered altar of Cheibriados.
  2438 | D:3      | Reached XP level 4. HP: 24/24 MP: 9/9
  2445 | D:3      | Reached skill level 5 in Air Magic
  2580 | D:3      | Found a sacrificial altar of Ru.
  2870 | D:3      | Gained mutation: Your magical nature lets you fly swiftly
                  | and evasively. [Tengu growth]
  2870 | D:3      | Reached XP level 5. HP: 23/28 MP: 10/10
  2885 | D:3      | Learned a level 4 spell: Airstrike
  3103 | D:4      | Noticed an ogre
  3107 | D:4      | Killed from afar by an orc priest

Illustrated notes

Levels and vault maps discovered:
D:1:      matt_arrival_spirals, layout_basic, minivault_25,
          hangedman_glass_garden
D:2:      layout_loops_ring, basic_altar, dreamdust_ecumenical_altar_statues,
          nrook_uturn, kennysheep_big_empty_room
D:3:      layout_rooms, mainiacjoe_overflow_boulevard,
          nicolae_ru_sacrificial_ziggurat, kennysheep_generic_room_7
D:4:      layout_cave_pools, lemuel_doored_altar, minivault_25, minivault_4

Skill      XL: |  1  2  3  4 |
---------------+-------------+-----
Conjurations   | 2 3 |  3.8
Air Magic      | 5 |  5.5
Spellcasting   | 3 |  3.1
Dodging        | |  2.1
Stealth        | |  2.0

Action                   |  1- 3 |  4- 6 || total
-------------------------+-------+-------++-------
Melee: Unarmed           |    11 |       ||    11
       Peck              |     2 |     1 ||     3
       Kick              |     1 |     2 ||     3
       Dagger            |       |     7 ||     7
 Cast: Shock             |    79 |    30 ||   109
       Static Discharge  |       |     3 ||     3
  Use: Scroll            |       |     4 ||     4
Armor: Robe              |     3 |     3 ||     6
Dodge: Dodged            |    15 |    16 ||    31
